[ AOE2 MATCH · #504847683 ]
UnrankedVietnamese vs Georgians
[ REPLAY ANALYSIS · EXTRACTED FROM THE RECORDED GAME ]
Feudal
11:26
Castle
20:19
Imperial
43:24
| APM avg | 41.7 |
| APM peak | 78 |
| eAPM avg | 28.3 |
| Villagers / military | 173 / 336 |
Focus
⚔️ 57.0% · 🌾 43.0%
Spearman ×180 · Fire Lancer ×85 · Skirmisher ×48 · Battering Ram ×13 · Fishing Ship ×10 · Rattan Archer ×6
Feudal
10:49
Castle
18:34
Imperial
39:32
| APM avg | 58.8 |
| APM peak | 106 |
| eAPM avg | 34.9 |
| Villagers / military | 177 / 265 |
Focus
⚔️ 52.4% · 🌾 47.6%
Skirmisher ×106 · Cavalry Archer ×64 · Monaspa ×55 · Trebuchet (Packed) ×13 · Monk ×9 · Scout Cavalry ×9
Feudal
12:22
Castle
15:54
Imperial
38:16
| APM avg | 42.1 |
| APM peak | 83 |
| eAPM avg | 28.2 |
| Villagers / military | 196 / 201 |
Focus
⚔️ 29.6% · 🌾 70.4%
Archer ×95 · Shotel Warrior ×71 · Spearman ×15 · Bombard Cannon ×13 · Mangonel ×3 · Battering Ram ×2
Feudal
13:10
Castle
17:19
Imperial
—
| APM avg | 56.1 |
| APM peak | 90 |
| eAPM avg | 25.2 |
| Villagers / military | 183 / 179 |
Focus
⚔️ 42.5% · 🌾 57.5%
Kona ×81 · Petard ×81 · Monk ×8 · Scorpion ×7 · Battering Ram ×2
Match map
Initial resources + every placement click. Lines = walls · curves = elevation contours. ◆ gold · ⬟ stone · ● berries · ✦ relic · ◌ wall gap
Your base· Open — unwalled flank
TAG_Sitaux's base· Open — unwalled flank
Molleja's base· Open — unwalled flank
TAG_Smiley's base· Open — unwalled flank
Smoothed initial terrain · ◌ = detected wall gap · hover for details
Inputs per minute
— Danub - - TAG_Sitaux
Build order — Danub
First 150 of 487 actions detected
| 0:15 | Build | Town Center |
| 0:25 | Build | House |
| 1:11 | Build | House |
| 2:36 | Create | Villager (Male) ×4 |
| 2:36 | Create | Villager (Male) ×4 |
| 3:45 | Create | Villager (Male) |
| 3:45 | Create | Villager (Male) |
| 3:50 | Build | Mill |
| 3:51 | Create | Villager (Male) |
| 3:52 | Create | Villager (Male) |
| 4:44 | Create | Villager (Male) |
| 5:04 | Create | Villager (Male) |
| 5:28 | Create | Villager (Male) |
| 5:59 | Create | Villager (Male) |
| 6:06 | Build | House |
| 6:36 | Create | Villager (Male) |
| 6:38 | Create | Villager (Male) |
| 6:45 | Research | Loom |
| 6:45 | Create | Villager (Male) |
| 7:04 | Build | House |
| 7:17 | Create | Villager (Male) |
| 7:21 | Create | Villager (Male) |
| 7:50 | Create | Villager (Male) |
| 7:52 | Create | Villager (Male) |
| 8:24 | Build | Lumber Camp |
| 8:52 | Create | Villager (Male) |
| 9:15 | Research | Feudal Age |
| 9:27 | Build | House |
| 10:16 | Build | House |
| 10:17 | Build | House |
| 11:20 | Create | Villager (Male) |
| 11:20 | Create | Villager (Male) |
| 11:26 | Age | Feudal Age |
| 11:47 | Build | Market |
| 11:49 | Build | Blacksmith |
| 11:51 | Build | Palisade Wall |
| 11:57 | Create | Villager (Male) |
| 12:00 | Build | Palisade Wall |
| 12:05 | Research | Double-Bit Axe |
| 12:19 | Create | Villager (Male) |
| 12:28 | Build | Palisade Wall |
| 12:37 | Create | Villager (Male) |
| 12:56 | Create | Villager (Male) |
| 13:05 | Create | Villager (Male) |
| 13:18 | Build | House |
| 13:20 | Build | Palisade Wall |
| 13:51 | Create | Villager (Male) |
| 14:04 | Build | Barracks |
| 14:06 | Create | Villager (Male) |
| 14:06 | Create | Villager (Male) |
| 14:46 | Build | House |
| 15:10 | Create | Spearman |
| 15:10 | Create | Spearman |
| 15:19 | Build | Mining Camp |
| 15:23 | Create | Villager (Male) |
| 16:26 | Build | Farm |
| 16:33 | Create | Spearman |
| 16:37 | Build | Dock |
| 16:46 | Build | Farm |
| 16:48 | Build | Farm |
| 16:52 | Build | Farm |
| 16:56 | Build | Farm |
| 17:39 | Research | Castle Age |
| 17:40 | Research | Castle Age |
| 17:43 | Create | Fishing Ship |
| 17:48 | Build | House |
| 17:49 | Build | House |
| 18:01 | Create | Fishing Ship |
| 18:01 | Create | Fishing Ship |
| 18:15 | Research | Tech 906 |
| 18:20 | Create | Spearman |
| 18:28 | Build | Fish Trap |
| 18:37 | Build | House |
| 18:38 | Build | House |
| 18:51 | Create | Spearman |
| 18:52 | Create | Spearman |
| 18:56 | Create | Fishing Ship |
| 19:07 | Build | Fish Trap |
| 19:45 | Create | Spearman |
| 19:54 | Create | Fishing Ship |
| 19:59 | Build | Fish Trap |
| 20:19 | Age | Castle Age |
| 20:20 | Create | Villager (Male) |
| 20:21 | Create | Villager (Male) |
| 20:23 | Build | Town Center |
| 20:30 | Research | Pikeman (upgrade) |
| 20:42 | Build | House |
| 20:46 | Create | Villager (Male) |
| 20:49 | Build | Fish Trap |
| 20:55 | Create | Villager (Male) |
| 21:20 | Build | Palisade Wall |
| 21:33 | Create | Spearman |
| 21:34 | Create | Spearman |
| 21:46 | Create | Villager (Male) |
| 21:49 | Build | Barracks |
| 21:54 | Research | Town Watch |
| 21:59 | Create | Fishing Ship |
| 22:00 | Create | Fishing Ship |
| 22:01 | Build | Lumber Camp |
| 22:11 | Build | Farm |
| 22:13 | Build | Palisade Wall |
| 22:16 | Build | Palisade Wall |
| 22:20 | Create | Villager (Male) |
| 22:29 | Create | Spearman |
| 22:32 | Create | Fire Lancer |
| 22:32 | Create | Spearman |
| 22:32 | Create | Spearman |
| 22:36 | Create | Villager (Male) |
| 22:48 | Create | Fire Lancer |
| 22:56 | Create | Fire Lancer ×3 |
| 22:57 | Create | Fire Lancer ×3 |
| 23:05 | Build | House |
| 23:10 | Research | Squires |
| 23:26 | Create | Fire Lancer ×2 |
| 23:26 | Create | Fire Lancer ×2 |
| 23:37 | Build | House |
| 23:42 | Build | Fish Trap |
| 23:46 | Build | Fish Trap |
| 23:53 | Research | Scale Mail Armor |
| 24:07 | Create | Spearman |
| 24:07 | Create | Fire Lancer ×2 |
| 24:07 | Create | Spearman ×2 |
| 24:17 | Create | Villager (Male) |
| 24:17 | Create | Villager (Male) |
| 24:18 | Create | Villager (Male) |
| 24:22 | Build | House |
| 24:31 | Create | Fire Lancer |
| 24:31 | Create | Spearman ×2 |
| 24:32 | Create | Fire Lancer |
| 24:32 | Create | Spearman ×2 |
| 24:32 | Create | Fire Lancer |
| 24:33 | Create | Fire Lancer |
| 24:47 | Build | Farm |
| 24:55 | Create | Villager (Male) |
| 25:07 | Research | Arson |
| 25:11 | Create | Fire Lancer |
| 25:11 | Create | Spearman |
| 25:12 | Create | Fire Lancer |
| 25:26 | Create | Villager (Male) |
| 25:30 | Create | Fishing Ship |
| 25:31 | Create | Fishing Ship |
| 25:33 | Create | Villager (Male) |
| 25:44 | Build | House |
| 26:09 | Research | Bow Saw |
| 26:09 | Research | Bow Saw |
| 26:13 | Create | Fire Lancer ×5 |
| 26:14 | Create | Fire Lancer ×5 |
| 26:17 | Create | Villager (Male) |
| 26:17 | Create | Villager (Male) |
| 26:45 | Build | Fish Trap |
Build order — TAG_Sitaux
First 150 of 717 actions detected
| 0:14 | Build | Town Center |
| 2:23 | Create | Villager (Male) |
| 2:24 | Create | Villager (Male) |
| 2:24 | Create | Villager (Male) |
| 2:24 | Create | Villager (Male) |
| 2:30 | Build | House |
| 3:18 | Create | Villager (Male) |
| 3:18 | Create | Villager (Male) |
| 3:56 | Create | Villager (Male) |
| 4:21 | Create | Villager (Male) |
| 4:22 | Create | Villager (Male) |
| 4:36 | Build | House |
| 4:49 | Create | Villager (Male) |
| 4:49 | Create | Villager (Male) |
| 5:17 | Create | Villager (Male) |
| 5:17 | Create | Villager (Male) |
| 5:24 | Build | Mill |
| 5:26 | Create | Villager (Male) |
| 5:27 | Create | Villager (Male) |
| 6:08 | Create | Villager (Male) |
| 6:12 | Build | Palisade Wall |
| 6:48 | Build | House |
| 7:15 | Create | Villager (Male) |
| 7:45 | Create | Villager (Male) |
| 7:56 | Build | Palisade Wall |
| 8:00 | Build | Palisade Wall |
| 8:05 | Create | Villager (Male) |
| 8:34 | Research | Feudal Age |
| 8:34 | Research | Feudal Age |
| 9:35 | Build | Barracks |
| 10:28 | Build | House |
| 10:48 | Create | Villager (Male) |
| 10:49 | Age | Feudal Age |
| 10:51 | Build | Stable |
| 10:53 | Research | Double-Bit Axe |
| 10:53 | Research | Double-Bit Axe |
| 10:57 | Build | House |
| 11:03 | Create | Villager (Male) |
| 11:28 | Create | Scout Cavalry |
| 11:30 | Create | Villager (Male) |
| 11:32 | Build | House |
| 11:34 | Build | Palisade Wall |
| 11:36 | Build | Palisade Wall |
| 11:37 | Build | Palisade Wall |
| 11:48 | Build | Palisade Wall |
| 11:51 | Build | Palisade Wall |
| 11:53 | Create | Scout Cavalry |
| 11:54 | Create | Villager (Male) |
| 12:18 | Build | Mule Cart |
| 12:20 | Create | Villager (Male) |
| 12:32 | Create | Scout Cavalry |
| 12:44 | Create | Villager (Male) |
| 13:04 | Research | Loom |
| 13:04 | Research | Loom |
| 13:35 | Build | House |
| 13:36 | Build | Palisade Wall |
| 13:39 | Create | Villager (Male) |
| 13:43 | Build | Blacksmith |
| 14:10 | Create | Villager (Male) |
| 14:37 | Create | Villager (Male) |
| 14:48 | Build | House |
| 14:56 | Create | Villager (Male) |
| 15:07 | Build | Farm |
| 15:08 | Build | Farm |
| 15:10 | Build | Farm |
| 15:25 | Create | Villager (Male) |
| 15:35 | Build | Farm |
| 15:54 | Research | Castle Age |
| 15:55 | Research | Castle Age |
| 16:29 | Research | Horse Collar |
| 16:30 | Create | Scout Cavalry |
| 16:33 | Build | Farm |
| 16:36 | Build | Farm |
| 16:48 | Build | Farm |
| 16:54 | Create | Scout Cavalry |
| 17:19 | Research | Forging |
| 17:20 | Research | Forging |
| 17:57 | Research | Bloodlines |
| 17:57 | Research | Bloodlines |
| 18:06 | Create | Villager (Male) |
| 18:08 | Research | Gold Mining |
| 18:34 | Age | Castle Age |
| 18:37 | Build | Town Center |
| 18:41 | Research | Light Cavalry (upgrade) |
| 18:41 | Research | Light Cavalry (upgrade) |
| 18:51 | Research | Scale Barding Armor |
| 18:51 | Research | Scale Barding Armor |
| 18:52 | Create | Villager (Male) |
| 19:14 | Research | Bow Saw |
| 19:14 | Research | Bow Saw |
| 19:15 | Create | Villager (Male) |
| 19:32 | Create | Scout Cavalry |
| 19:44 | Create | Villager (Male) |
| 19:51 | Build | House |
| 19:52 | Create | Scout Cavalry |
| 19:59 | Research | Bloodlines |
| 19:59 | Research | Bloodlines |
| 20:15 | Create | Villager (Male) |
| 20:31 | Build | Siege Workshop |
| 20:33 | Create | Villager (Male) |
| 20:35 | Create | Villager (Male) |
| 20:44 | Create | Villager (Male) |
| 20:51 | Create | Villager (Male) |
| 20:57 | Build | Farm |
| 20:59 | Build | Farm |
| 21:01 | Build | Farm |
| 21:19 | Create | Mangonel |
| 21:19 | Create | Mangonel |
| 21:24 | Create | Villager (Male) |
| 21:29 | Create | Villager (Male) |
| 21:33 | Build | House |
| 21:35 | Create | Villager (Male) |
| 21:38 | Build | Farm |
| 21:49 | Research | Town Watch |
| 21:49 | Research | Town Watch |
| 21:56 | Build | Farm |
| 21:57 | Build | Farm |
| 22:10 | Create | Scorpion |
| 22:12 | Create | Villager (Male) |
| 22:18 | Create | Villager (Male) |
| 22:26 | Build | Monastery |
| 22:30 | Create | Villager (Male) |
| 22:31 | Create | Villager (Male) |
| 22:45 | Create | Villager (Male) |
| 22:54 | Create | Scorpion |
| 22:58 | Build | Farm |
| 23:00 | Create | Villager (Male) |
| 23:02 | Build | Farm |
| 23:07 | Build | Farm |
| 23:13 | Create | Villager (Male) |
| 23:20 | Create | Scorpion |
| 23:24 | Create | Villager (Male) |
| 23:30 | Create | Monk |
| 23:33 | Build | House |
| 23:37 | Create | Villager (Male) |
| 23:41 | Build | House |
| 23:41 | Build | House |
| 23:42 | Build | House |
| 24:09 | Create | Mangonel |
| 24:09 | Build | House |
| 24:10 | Research | Wheelbarrow |
| 24:11 | Research | Wheelbarrow |
| 24:12 | Create | Villager (Male) |
| 24:12 | Create | Villager (Male) |
| 24:18 | Create | Monk |
| 24:26 | Create | Villager (Male) |
| 24:30 | Build | Town Center |
| 24:53 | Create | Villager (Male) |
| 25:06 | Create | Villager (Male) |
| 25:12 | Create | Scorpion |
Build order — Molleja
First 150 of 595 actions detected
| 0:12 | Build | Town Center |
| 1:20 | Build | House |
| 2:09 | Build | House |
| 2:34 | Build | House |
| 2:42 | Create | Villager (Male) |
| 2:42 | Create | Villager (Male) |
| 2:43 | Create | Villager (Male) |
| 2:46 | Create | Villager (Male) |
| 3:09 | Build | House |
| 3:18 | Build | House |
| 3:56 | Create | Villager (Male) |
| 3:56 | Create | Villager (Male) |
| 4:15 | Build | House |
| 4:21 | Create | Villager (Male) |
| 4:22 | Create | Villager (Male) |
| 4:54 | Build | House |
| 4:56 | Build | House |
| 5:11 | Create | Villager (Male) |
| 5:20 | Build | Lumber Camp |
| 5:26 | Create | Villager (Male) |
| 5:38 | Create | Villager (Male) |
| 5:59 | Create | Villager (Male) |
| 5:59 | Create | Villager (Male) |
| 6:31 | Create | Villager (Male) |
| 6:36 | Create | Villager (Male) |
| 6:37 | Create | Villager (Male) |
| 7:07 | Create | Villager (Male) |
| 7:28 | Build | Mill |
| 7:35 | Create | Villager (Male) |
| 7:35 | Create | Villager (Male) |
| 8:16 | Build | House |
| 8:31 | Build | House |
| 8:37 | Create | Villager (Male) |
| 8:41 | Build | House |
| 8:50 | Create | Villager (Male) |
| 9:16 | Build | House |
| 9:39 | Create | Villager (Male) |
| 10:05 | Research | Feudal Age |
| 10:07 | Build | House |
| 10:19 | Build | House |
| 10:26 | Create | Villager (Male) |
| 10:35 | Build | House |
| 11:42 | Create | Villager (Male) |
| 11:48 | Build | House |
| 12:22 | Age | Feudal Age |
| 12:26 | Build | Market |
| 12:28 | Build | Blacksmith |
| 12:35 | Build | Palisade Wall |
| 12:43 | Build | Palisade Wall |
| 13:14 | Research | Castle Age |
| 13:15 | Research | Castle Age |
| 13:47 | Research | Double-Bit Axe |
| 15:03 | Create | Villager (Male) |
| 15:21 | Create | Villager (Male) |
| 15:54 | Age | Castle Age |
| 15:57 | Build | Town Center |
| 15:58 | Create | Villager (Male) |
| 16:01 | Research | Loom |
| 16:14 | Build | Town Center |
| 16:17 | Create | Villager (Male) |
| 16:32 | Create | Villager (Male) |
| 16:42 | Build | Town Center |
| 16:48 | Create | Villager (Male) |
| 17:03 | Create | Villager (Male) |
| 17:15 | Create | Villager (Male) |
| 17:19 | Build | Farm |
| 17:27 | Create | Villager (Male) |
| 17:27 | Create | Villager (Male) |
| 17:38 | Create | Villager (Male) |
| 17:40 | Create | Villager (Male) |
| 17:57 | Create | Villager (Male) |
| 18:08 | Create | Villager (Male) |
| 18:11 | Build | Farm |
| 18:14 | Build | Farm |
| 18:15 | Build | Farm |
| 18:16 | Create | Villager (Male) |
| 18:19 | Create | Villager (Male) |
| 18:19 | Create | Villager (Male) |
| 18:20 | Create | Villager (Male) |
| 18:30 | Build | Farm |
| 18:35 | Build | Farm |
| 18:45 | Build | Farm |
| 18:46 | Build | Farm |
| 18:47 | Build | Farm |
| 18:48 | Create | Villager (Male) |
| 19:01 | Create | Villager (Male) |
| 19:03 | Create | Villager (Male) |
| 19:06 | Build | Farm |
| 19:07 | Build | Farm |
| 19:22 | Create | Villager (Male) |
| 19:22 | Create | Villager (Male) |
| 19:25 | Build | Farm |
| 19:29 | Create | Villager (Male) |
| 19:30 | Create | Villager (Male) |
| 19:41 | Create | Villager (Male) |
| 19:47 | Build | Farm |
| 19:48 | Build | Farm |
| 19:50 | Build | Farm |
| 19:51 | Create | Villager (Male) |
| 19:51 | Create | Villager (Male) |
| 19:56 | Build | House |
| 19:59 | Build | House |
| 20:00 | Create | Villager (Male) |
| 20:16 | Create | Villager (Male) |
| 20:18 | Build | Barracks |
| 20:31 | Create | Villager (Male) |
| 20:33 | Create | Villager (Male) |
| 20:37 | Build | Farm |
| 20:38 | Build | Farm |
| 20:41 | Build | Farm |
| 20:45 | Create | Villager (Male) |
| 20:49 | Build | House |
| 20:54 | Build | Farm |
| 20:56 | Build | Farm |
| 21:02 | Create | Villager (Male) |
| 21:02 | Create | Villager (Male) |
| 21:05 | Create | Spearman |
| 21:17 | Create | Villager (Male) |
| 21:26 | Build | Farm |
| 21:29 | Build | Farm |
| 21:29 | Create | Villager (Male) |
| 21:30 | Create | Villager (Male) |
| 21:36 | Build | Farm |
| 21:39 | Build | House |
| 21:43 | Create | Spearman |
| 21:43 | Create | Spearman |
| 21:46 | Build | House |
| 21:47 | Build | House |
| 21:49 | Create | Villager (Male) |
| 21:49 | Create | Villager (Male) |
| 21:51 | Build | Farm |
| 21:51 | Build | Farm |
| 21:52 | Build | Farm |
| 21:52 | Build | Farm |
| 21:55 | Create | Spearman |
| 22:07 | Create | Villager (Male) |
| 22:19 | Create | Villager (Male) |
| 22:22 | Create | Spearman |
| 22:31 | Create | Spearman |
| 22:32 | Create | Spearman |
| 22:43 | Create | Spearman |
| 22:53 | Create | Villager (Male) |
| 22:55 | Create | Spearman |
| 23:00 | Build | Siege Workshop |
| 23:09 | Create | Villager (Male) |
| 23:09 | Create | Villager (Male) |
| 23:13 | Build | Mill |
| 23:14 | Build | Farm |
| 23:14 | Build | Farm |
| 23:14 | Build | Farm |
Build order — TAG_Smiley
First 150 of 466 actions detected
| 0:54 | Build | Town Center |
| 2:18 | Build | House |
| 2:39 | Create | Villager (Male) |
| 2:39 | Create | Villager (Male) |
| 2:40 | Create | Villager (Male) |
| 2:40 | Create | Villager (Male) |
| 2:40 | Create | Villager (Male) |
| 3:48 | Create | Villager (Male) |
| 3:49 | Create | Villager (Male) |
| 4:02 | Build | Settlement |
| 4:10 | Build | House |
| 4:18 | Create | Villager (Male) |
| 4:22 | Build | House |
| 4:52 | Create | Villager (Male) |
| 4:52 | Create | Villager (Male) |
| 5:22 | Build | House |
| 5:27 | Create | Villager (Male) |
| 5:27 | Create | Villager (Male) |
| 5:40 | Create | Villager (Male) |
| 5:59 | Create | Villager (Male) |
| 5:59 | Create | Villager (Male) |
| 6:35 | Create | Villager (Male) |
| 6:37 | Create | Villager (Male) |
| 6:37 | Create | Villager (Male) |
| 6:53 | Create | Villager (Male) |
| 6:53 | Create | Villager (Male) |
| 7:24 | Build | House |
| 7:28 | Build | House |
| 7:53 | Build | Settlement |
| 7:59 | Create | Villager (Male) |
| 8:05 | Create | Villager (Male) |
| 8:05 | Create | Villager (Male) |
| 8:16 | Build | House |
| 8:35 | Create | Villager (Male) |
| 8:35 | Create | Villager (Male) |
| 9:06 | Create | Villager (Male) |
| 9:36 | Build | House |
| 9:37 | Build | Palisade Wall |
| 9:41 | Create | Villager (Male) |
| 9:41 | Create | Villager (Male) |
| 9:43 | Research | Loom |
| 10:18 | Research | Feudal Age |
| 10:33 | Build | Settlement |
| 11:13 | Create | Villager (Male) |
| 12:16 | Build | Palisade Wall |
| 12:16 | Build | Palisade Wall |
| 12:17 | Build | Palisade Wall |
| 12:17 | Build | Palisade Wall |
| 12:18 | Build | Palisade Wall |
| 12:19 | Build | Palisade Wall |
| 12:23 | Build | Palisade Wall |
| 12:25 | Build | Palisade Wall |
| 13:04 | Build | House |
| 13:08 | Build | House |
| 13:10 | Age | Feudal Age |
| 13:12 | Build | Blacksmith |
| 13:14 | Create | Villager (Male) |
| 13:17 | Build | Market |
| 13:47 | Build | Palisade Wall |
| 13:48 | Build | Palisade Wall |
| 13:49 | Build | Palisade Wall |
| 13:49 | Build | Palisade Wall |
| 13:50 | Build | Palisade Wall |
| 13:50 | Build | Palisade Wall |
| 13:51 | Build | Palisade Wall |
| 13:59 | Build | Palisade Wall |
| 14:00 | Build | Palisade Wall |
| 14:03 | Create | Villager (Male) |
| 14:08 | Build | House |
| 14:22 | Build | Palisade Wall |
| 14:27 | Build | House |
| 14:39 | Research | Castle Age |
| 15:11 | Research | Double-Bit Axe |
| 15:25 | Build | Palisade Wall |
| 15:31 | Research | Horse Collar |
| 15:31 | Research | Horse Collar |
| 15:45 | Build | House |
| 15:48 | Build | House |
| 15:49 | Build | Palisade Wall |
| 15:56 | Build | House |
| 16:48 | Create | Villager (Male) |
| 17:02 | Build | Palisade Wall |
| 17:19 | Age | Castle Age |
| 17:40 | Build | Castle |
| 17:42 | Build | Palisade Wall |
| 17:46 | Create | Villager (Male) |
| 17:51 | Create | Villager (Male) |
| 18:11 | Build | Settlement |
| 18:25 | Create | Villager (Male) |
| 18:41 | Create | Kona |
| 18:41 | Create | Kona |
| 18:53 | Create | Kona |
| 18:53 | Create | Kona |
| 18:59 | Build | Farm |
| 19:01 | Build | Farm |
| 19:04 | Build | Farm |
| 19:05 | Build | Farm |
| 19:22 | Build | Farm |
| 19:25 | Build | Farm |
| 19:48 | Build | Outpost |
| 19:55 | Create | Villager (Male) |
| 19:55 | Create | Villager (Male) |
| 20:20 | Build | Outpost |
| 20:23 | Create | Villager (Male) |
| 20:23 | Create | Villager (Male) |
| 20:23 | Create | Villager (Male) |
| 20:39 | Create | Villager (Male) |
| 20:42 | Build | Farm |
| 20:44 | Build | Farm |
| 20:46 | Build | Farm |
| 20:50 | Create | Kona |
| 20:50 | Create | Kona |
| 20:56 | Create | Kona |
| 20:56 | Create | Kona |
| 20:56 | Create | Kona |
| 20:58 | Build | Outpost |
| 21:06 | Build | Palisade Gate |
| 21:15 | Create | Villager (Male) |
| 21:15 | Create | Villager (Male) |
| 21:15 | Create | Villager (Male) |
| 21:19 | Create | Kona |
| 21:30 | Build | Farm |
| 21:34 | Create | Villager (Male) |
| 21:34 | Create | Villager (Male) |
| 21:50 | Create | Kona |
| 21:51 | Create | Villager (Male) |
| 21:51 | Create | Villager (Male) |
| 22:29 | Create | Kona |
| 22:30 | Create | Villager (Male) |
| 22:30 | Create | Villager (Male) |
| 22:48 | Build | Siege Workshop |
| 22:54 | Create | Kona |
| 22:54 | Create | Kona |
| 22:55 | Create | Kona |
| 23:20 | Create | Villager (Male) |
| 23:20 | Create | Villager (Male) |
| 23:34 | Create | Villager (Male) |
| 23:40 | Build | House |
| 23:57 | Create | Villager (Male) |
| 23:59 | Create | Scorpion |
| 24:00 | Create | Scorpion |
| 24:21 | Create | Villager (Male) |
| 24:26 | Create | Kona |
| 24:48 | Create | Scorpion |
| 24:52 | Build | House |
| 25:06 | Create | Villager (Male) |
| 25:13 | Build | Monastery |
| 25:33 | Create | Villager (Male) |
| 25:33 | Create | Villager (Male) |
| 25:45 | Create | Scorpion |
Match timeline
| 6:12 | TAG_Sitaux · wall_segment Palisade Wall x1 |
| 7:56 | TAG_Sitaux · wall_segment Palisade Wall x1 |
| 8:00 | TAG_Sitaux · wall_segment Palisade Wall x1 |
| 9:35 | TAG_Sitaux · first_building Barracks |
| 9:37 | TAG_Smiley · wall_segment Palisade Wall x1 |
| 10:49 | TAG_Sitaux · age_up feudal |
| 10:51 | TAG_Sitaux · first_building Stable |
| 11:26 | Danub · age_up feudal |
| 11:34 | TAG_Sitaux · wall_segment Palisade Wall x2 |
| 11:36 | TAG_Sitaux · wall_segment Palisade Wall x7 |
| 11:37 | TAG_Sitaux · wall_segment Palisade Wall x2 |
| 11:48 | TAG_Sitaux · wall_segment Palisade Wall x9 |
| 11:51 | TAG_Sitaux · wall_segment Palisade Wall x9 |
| 11:51 | Danub · wall_segment Palisade Wall x5 |
| 12:00 | Danub · wall_segment Palisade Wall x6 |
| 12:16 | TAG_Smiley · wall_segment Palisade Wall x1 |
| 12:16 | TAG_Smiley · wall_segment Palisade Wall x1 |
| 12:17 | TAG_Smiley · wall_segment Palisade Wall x1 |
| 12:17 | TAG_Smiley · wall_segment Palisade Wall x1 |
| 12:18 | TAG_Smiley · wall_segment Palisade Wall x1 |
| 12:19 | TAG_Smiley · wall_segment Palisade Wall x1 |
| 12:22 | Molleja · age_up feudal |
| 12:23 | TAG_Smiley · wall_segment Palisade Wall x1 |
| 12:25 | TAG_Smiley · wall_segment Palisade Wall x4 |
| 12:28 | Danub · wall_segment Palisade Wall x1 |
| 12:35 | Molleja · wall_segment Palisade Wall x1 |
| 12:43 | Molleja · wall_segment Palisade Wall x3 |
| 13:10 | TAG_Smiley · age_up feudal |
| 13:20 | Danub · wall_segment Palisade Wall x4 |
| 13:28 | Danub · first_market_sell 500 wood |
| 13:30 | Danub · first_market_buy 100 food |
| 13:36 | TAG_Sitaux · wall_segment Palisade Wall x3 |
| 13:47 | TAG_Smiley · wall_segment Palisade Wall x1 |
| 13:48 | TAG_Smiley · wall_segment Palisade Wall x1 |
| 13:49 | TAG_Smiley · wall_segment Palisade Wall x1 |
| 13:49 | TAG_Smiley · wall_segment Palisade Wall x1 |
| 13:50 | TAG_Smiley · wall_segment Palisade Wall x1 |
| 13:50 | TAG_Smiley · wall_segment Palisade Wall x1 |
| 13:51 | TAG_Smiley · wall_segment Palisade Wall x6 |
| 13:59 | TAG_Smiley · wall_segment Palisade Wall x4 |
| 14:00 | TAG_Smiley · wall_segment Palisade Wall x1 |
| 14:04 | Danub · first_building Barracks |
| 14:22 | TAG_Smiley · wall_segment Palisade Wall x3 |
| 15:25 | TAG_Smiley · wall_segment Palisade Wall x1 |
| 15:49 | TAG_Smiley · wall_segment Palisade Wall x2 |
| 15:54 | Molleja · age_up castle |
| 16:25 | Molleja · first_market_sell 100 food |
| 16:27 | Molleja · first_market_buy 100 stone |
| 16:37 | Danub · first_building Dock |
| 17:02 | TAG_Smiley · wall_segment Palisade Wall x1 |
| 17:19 | TAG_Smiley · age_up castle |
| 17:40 | TAG_Smiley · first_building Castle |
| 17:42 | TAG_Smiley · wall_segment Palisade Wall x1 |
| 18:34 | TAG_Sitaux · age_up castle |
| 20:18 | Molleja · first_building Barracks |
| 20:19 | Danub · age_up castle |
| 20:31 | TAG_Sitaux · first_building Siege Workshop |
| 20:33 | TAG_Smiley · first_market_buy 100 food |
| 21:20 | Danub · wall_segment Palisade Wall x1 |
| 22:13 | Danub · wall_segment Palisade Wall x1 |
| 22:16 | Danub · wall_segment Palisade Wall x1 |
| 22:26 | TAG_Sitaux · first_building Monastery |
| 22:48 | TAG_Smiley · first_building Siege Workshop |
| 23:00 | Molleja · first_building Siege Workshop |
| 25:13 | TAG_Smiley · first_building Monastery |
| 28:34 | TAG_Smiley · wall_segment Stone Wall x1 |
| 28:36 | TAG_Smiley · wall_segment Stone Wall x1 |
| 28:43 | TAG_Smiley · wall_segment Stone Wall x1 |
| 29:02 | TAG_Sitaux · first_market_sell 100 food |
| 29:03 | TAG_Sitaux · first_market_buy 100 stone |
| 29:25 | TAG_Sitaux · first_building Archery Range |
| 29:40 | Danub · wall_segment Palisade Wall x5 |
| 29:41 | TAG_Smiley · first_market_sell 100 food |
| 29:45 | Danub · wall_segment Palisade Wall x9 |
| 29:52 | Molleja · first_building Castle |
| 31:04 | Molleja · first_building Archery Range |
| 31:31 | Danub · first_building Siege Workshop |
| 34:14 | TAG_Sitaux · first_building Castle |
| 36:52 | Danub · first_building Monastery |
| 38:16 | Molleja · age_up imperial |
| 38:45 | TAG_Smiley · first_building Barracks |
| 39:32 | TAG_Sitaux · age_up imperial |
| 39:39 | TAG_Smiley · first_building Archery Range |
| 40:53 | Danub · first_building Castle |
| 43:24 | Danub · age_up imperial |
| 48:53 | Danub · first_building Archery Range |
| 50:30 | TAG_Sitaux · wall_segment Palisade Wall x1 |
| 52:08 | Molleja · first_building Stable |
| 53:05 | Molleja · resign |
[ AI ANALYSIS · 1 CREDIT ]
What really happened in this match?
Wolo.gg analyzes every decision: build order, eco, micro, common mistakes by bracket. Personalized analysis on WhatsApp or Discord in 30 seconds.
Civ guide
Vietnamese
Perfil
Jugador #263039